 Dungeon Crawl Stone Soup version 0.22-a0-278-g8f80174 (webtiles) character file.

23778 matakusis the Convoker (level 12, -1/59 HPs)
             Began as a Deep Elf Summoner on Mar 14, 2018.
             Was a High Priest of Sif Muna.
             Killed from afar by an ice dragon (27 damage)
             ... with a blast of cold
             ... in an ice cave on Mar 15, 2018.
             The game lasted 01:46:21 (19802 turns).

matakusis the Convoker (Deep Elf Summoner)         Turns: 19802, Time: 01:46:24

Health: -1/59      AC:  9    Str:  5    XL:     12   Next: 74%
Magic:  0/33       EV: 12    Int: 29    God:    Sif Muna [*****.]
Gold:   1358       SH:  0    Dex: 15    Spells: 4/41 levels left

rFire    + . .     SeeInvis +   P - staff of energy
rCold    . . .     Gourm    .   (no shield)
rNeg     . . .     Faith    .   E - +2 leather armour {rF+}
rPois    .         Spirit   +   n - +2 hat {Int+3}
rElec    .         Reflect  .   w - +1 cloak
rCorr    +         Harm     .   (no gloves)
MR       +....                  (no boots)
Stlth    ++........             s - amulet of guardian spirit
HPRegen  0.19/turn              K - ring of resist corrosion
MPRegen  0.23/turn              i - ring of see invisible

@: slightly contaminated, studying Unarmed Combat, no casting
A: hooves 1, MP-powered wands
a: Stop Divine Energy, Channel Magic, Forget Spell, Renounce Religion


You were in an ice cave.
You worshipped Sif Muna.
Sif Muna was extremely pleased with you.
You were not hungry.

You visited 3 branches of the dungeon, and saw 18 of its levels.
You also visited: Ice Cave.

You collected 1358 gold pieces.

Inventory:

Hand Weapons
 m - a +2 rapier of venom
Missiles
 d - 376 arrows
Armour
 n - a +2 hat of intelligence (worn)
 r - a +2 robe of magic resistance
 w - a +1 cloak (worn)
 E - a +2 leather armour of fire resistance (worn)
 G - a +0 robe of positive energy
 J - +0 acid dragon scales
Magical Staves
 P - an uncursed staff of energy (weapon)
 R - an uncursed staff of power {unknown}
Jewellery
 e - an uncursed ring of positive energy
 i - a ring of see invisible (right hand)
 s - an amulet of guardian spirit (around neck)
 I - an uncursed ring of fire
 K - a ring of resist corrosion (left hand)
Wands
 j - a wand of disintegration (35)
 l - a wand of polymorph (41)
 p - a wand of enslavement (22)
 u - a wand of scattershot (8)
 A - a wand of acid (10)
 B - a wand of random effects (74)
 N - a wand of digging (6)
Scrolls
 f - 19 scrolls of identify
 g - 8 scrolls of remove curse
 k - 5 scrolls of teleportation
 C - 3 scrolls of blinking
 D - 2 scrolls of magic mapping
 L - 2 scrolls of amnesia
 M - a scroll of enchant weapon
 O - 2 scrolls of fear
Potions
 a - 2 potions of might
 b - 3 potions of ambrosia
 h - 3 potions of agility
 o - 4 potions of flight
 q - 3 potions of haste
 t - 3 potions of curing
 v - a potion of magic
 x - 3 potions of lignification
 z - a potion of resistance
 F - 2 potions of brilliance
Books
 y - a manual of Unarmed Combat
Comestibles
 c - 24 rations


   Skills:
 - Level 0.5 Short Blades
 - Level 2.4 Dodging
 - Level 2.4 Stealth
 + Level 15.4 Spellcasting
 * Level 2.4 Hexes
 * Level 16.6 Summonings
 + Level 7.4 Ice Magic
 + Level 4.4 Air Magic


You had 4 spell levels left.
You knew the following spells:

 Your Spells              Type           Power        Failure   Level  Hunger
a - Metabolic Englaciati  Hex/Ice        ######....   13%         5    None
b - Call Imp              Summ           #######.     0%          2    None
c - Summon Ice Beast      Ice/Summ       #######.     1%          4    None
d - Summon Lightning Spi  Summ/Air       ######..     1%          4    None
e - Summon Forest         Summ/Tloc      ######....   3%          5    None
f - Monstrous Menagerie   Summ           #######...   3%          7    None
g - Recall                Summ/Tloc      N/A          1%          3    None
h - Summon Greater Demon  Summ           #######...   3%          7    None


Dungeon Overview and Level Annotations

Branches:
Dungeon (14/15)            Temple (1/1) D:7            Lair (3/6) D:10
 Shoals (0/4) Lair:2       Spider (0/4) Lair:3          Orc (0/2) D:11
 Vaults (0/5) D:14

Altars:
Ashenzari
Cheibriados
Dithmenos
Elyvilon
Fedhas
Gozag
Hepliaklqana
Kikubaaqudgha
Makhleb
Nemelex Xobeh
Okawaru
Qazlal
Ru
Sif Muna
Trog
Uskayaw
Vehumet
Wu Jian
Xom
Yredelemnul
Zin
The Shining One


Innate Abilities, Weirdness & Mutations

You have large cloven feet.
You expend magic power (3 MP) to strengthen your wands.


Message History

Press: ? - help, Dir - move target cursor An electric hum fills the air.
The ice dragon roars deafeningly!
The ice dragon breathes frost at you.
The blast of cold hits your lightning spire.
Your lightning spire resists.
The blast of cold hits you!
Ouch! That really hurt!
* * * LOW HITPOINT WARNING * * *
You feel much better.
Sif Muna will now grant you divine energy when your reserves of magic are depleted.
You will briefly lose access to your magic after casting a spell in this manner.
Casting: Summon Lightning Spire (safe; 1% risk of failure)
Confirm with . or Enter, or press ? or * to list all spells.
You summon a manticore!
Sif Muna grants you divine energy.
You briefly lose access to your magic!
The ice dragon breathes frost at you. The blast of cold hits you!
You die...

##..## ##...# ##..#
##..### ##.## ##..##
#..## #..## ###..##
#..# #.....# #..#
##.....## #.##
##.......# ##.#
#.......@## #..# ####
##....H...###.## #..##
###.......D8##..#
....###..............##
.....#..............##
.##....##..........##
####..####.........#
#### #.........##
##........#


You could see an ice dragon, a friendly manticore and a friendly lightning
spire.

Vanquished Creatures
  An unseen horror (D:10)
  A centaur zombie (D:11)
  A killer bee (D:10)
  A leopard gecko (D:7)
  A goblin (D:3)
  A kobold (D:7)
  A quokka (D:9)
  2 bats
9 creatures vanquished.

Vanquished Creatures (collateral kills)
  2 hydras
  A centaur warrior (D:14)
  The ghost of Thaneod the Arsonist, a journeyman DEFE of Vehumet (D:11)
  4 two-headed ogres
  2 tengu warriors (D:14)
  3 unseen horrors
  An orc knight (D:14)
  A wolf spider (Lair:2)
  2 deep elf magi (D:14)
  A necromancer (D:14)
  An oklob plant (Lair:2)
  4 ugly things
  A manticore (D:14)
  4 cyclopes
  A black mamba (Lair:2)
  Maurice (D:8)
  A merfolk siren (Lair:2)
  2 spiny frogs (Lair:2)
  2 ice statues (IceCv)
  2 gargoyles
  2 rime drakes (IceCv)
  A rime drake (shapeshifter) (D:14)
  6 komodo dragons
  4 kobold demonologists (D:14)
  4 polar bears (Lair:1)
  3 trolls
  A hornet (Lair:2)
  Prince Ribbit (D:7)
  4 blink frogs (Lair:1)
  A hippogriff (shapeshifter) (D:14)
  9 slime creatures
  9 hippogriffs
  2 shadows (D:12)
  A centaur simulacrum (D:14)
  A vampire (D:14)
  A spriggan (D:7)
  24 yaks
  5 wraiths
  A wyvern (Lair:2)
  A fire bat (shapeshifter) (D:8)
  Eustachio (D:4)
  2 basilisks
  4 vampire mosquitoes (D:14)
  An acid dragon (shapeshifter) (D:14)
  2 soldier ants (D:14)
  2 acid dragons
  7 water moccasins
  Duvessa (D:5)
  6 porcupines
  6 orc warriors
  4 sky beasts
  20 ice beasts
  5 black bears
  2 eyes of draining
  3 phantoms
  5 centaurs
  4 wolves (Lair:2)
  5 ogres
  2 crocodiles (Lair:1)
  5 big kobolds
  13 bullfrogs
  A wyvern zombie (D:12)
  A wyvern skeleton (D:10)
  Dowan (D:5)
  A troll zombie (D:9)
  3 scorpions
  A water moccasin skeleton (D:10)
  14 wights
  8 killer bees
  A troll skeleton (D:9)
  2 electric eels (Lair:2)
  4 howler monkeys
  A bullfrog zombie (D:7)
  4 crimson imps
  A quasit (D:9)
  5 centaur zombies
  2 hounds
  3 jellies
  3 centaur skeletons
  4 human zombies (D:9)
  7 orc priests
  2 bullfrog skeletons
  5 human skeletons (D:9)
  12 worker ants
  3 iguanas
  4 orc wizards
  A killer bee zombie (D:5)
  A hound zombie (D:5)
  3 hound skeletons
  A mummy (D:9)
  3 gnolls (D:3)
  15 adders
  2 shadow imps
  An adder zombie (D:7)
  2 worms
  A dart slug (D:2)
  2 leopard geckos
  53 orcs
  4 giant cockroaches
  10 hobgoblins
  14 jackals
  4 quokkas
  3 ball pythons
  7 bats
  4 frilled lizards
  7 goblins
  A jackal zombie (D:4)
  21 kobolds
  A quokka skeleton (D:6)
  19 rats
  5 fungi
  4 plants (Lair:2)
500 creatures vanquished.

Vanquished Creatures (others)
  2 fungi (Lair:2)
  4 plants (Lair:2)
6 creatures vanquished.

Grand Total: 515 creatures vanquished

Notes
Turn   | Place    | Note
-------+----------+-------------------------------------------
     0 | D:1      | matakusis the Deep Elf Summoner began the quest for the Orb.
     0 | D:1      | Reached XP level 1. HP: 10/10 MP: 6/6
   190 | D:1      | Reached XP level 2. HP: 15/15 MP: 4/8
   199 | D:1      | Learned a level 2 spell: Call Imp
   314 | D:1      | Reached skill level 5 in Summonings
   976 | D:2      | Reached XP level 3. HP: 14/19 MP: 6/9
  1638 | D:2      | Noticed a moth of wrath
  1653 | D:2      | Found a bloodstained altar of Trog.
  2498 | D:3      | Reached XP level 4. HP: 24/24 MP: 10/12
  2504 | D:3      | Learned a level 4 spell: Summon Ice Beast
  2509 | D:3      | Learned a level 4 spell: Summon Lightning Spire
  2823 | D:3      | Noticed a phantom
  2825 | D:3      | Found a shattered altar of Ashenzari.
  2879 | D:3      | Killed a phantom
  2879 | D:3      | Reached skill level 6 in Summonings
  2879 | D:3      | Reached XP level 5. HP: 23/28 MP: 4/13
  3358 | D:4      | Reached skill level 5 in Spellcasting
  3533 | D:4      | Noticed an ogre
  3536 | D:4      | Found a shadowy altar of Dithmenos.
  3542 | D:4      | Killed an ogre
  3658 | D:4      | Noticed Eustachio
  3736 | D:4      | Killed Eustachio
  3736 | D:4      | Reached skill level 7 in Summonings
  3736 | D:4      | Reached skill level 1 in Ice Magic
  3736 | D:4      | Reached XP level 6. HP: 31/32 MP: 4/16
  4192 | D:5      | Entered Level 5 of the Dungeon
  4247 | D:5      | Found an iron altar of Okawaru.
  4249 | D:5      | Noticed an ice beast
  4257 | D:5      | Killed an ice beast
  4383 | D:5      | Noticed Duvessa
  4384 | D:5      | Noticed Dowan
  4386 | D:5      | Killed Dowan
  4400 | D:5      | Killed Duvessa
  4445 | D:5      | Reached XP level 7. HP: 26/36 MP: 0/18
  5169 | D:5      | Reached skill level 8 in Summonings
  5836 | D:6      | Found a shimmering altar of Xom.
  5857 | D:6      | Found an opulent altar of Gozag.
  6440 | D:7      | Reached XP level 8. HP: 36/41 MP: 12/21
  6489 | D:7      | Reached skill level 9 in Summonings
  6957 | D:7      | Found a glowing silver altar of Zin.
  6977 | D:7      | Noticed Prince Ribbit
  6984 | D:7      | Killed Prince Ribbit
  7097 | D:7      | Found a staircase to the Ecumenical Temple.
  7107 | Temple   | Entered the Ecumenical Temple
  7156 | Temple   | Became a worshipper of Sif Muna the Loreminder
  7558 | D:7      | Found a snail-covered altar of Cheibriados.
  7564 | D:7      | Found a shadowy altar of Dithmenos.
  7564 | D:7      | Found a glowing golden altar of the Shining One.
  7567 | D:7      | Found a blossoming altar of Fedhas.
  7569 | D:7      | Found an ornate altar of the Wu Jian Council.
  7792 | D:8      | Noticed an unseen horror
  7818 | D:8      | an unseen horror changed into a tengu
  7820 | D:8      | Reached skill level 10 in Summonings
  8180 | D:8      | Reached * piety under Sif Muna
  8257 | D:8      | Noticed Maurice
  8265 | D:8      | Killed Maurice
  8265 | D:8      | Reached XP level 9. HP: 45/45 MP: 11/24
  8429 | D:8      | Found a burning altar of Makhleb.
  8651 | D:9      | Noticed a troll
  8670 | D:9      | Killed a troll
  8934 | D:9      | Reached skill level 5 in Ice Magic
  9318 | D:9      | Found a basalt altar of Yredelemnul.
  9421 | D:9      | Reached skill level 11 in Summonings
  9463 | D:9      | Found an ancient bone altar of Kikubaaqudgha.
  9527 | D:9      | Reached ** piety under Sif Muna
  9714 | D:10     | Entered Level 10 of the Dungeon
  9763 | D:10     | Noticed a troll
  9767 | D:10     | Killed a troll
  9788 | D:10     | Reached skill level 10 in Spellcasting
 10163 | D:10     | Noticed a two-headed ogre
 10168 | D:10     | Noticed a two-headed ogre
 10175 | D:10     | Killed a two-headed ogre
 10182 | D:10     | Killed a two-headed ogre
 10182 | D:10     | Reached *** piety under Sif Muna
 10182 | D:10     | Reached skill level 12 in Summonings
 10182 | D:10     | Reached XP level 10. HP: 50/50 MP: 9/26
 10206 | D:10     | Found a staircase to the Lair.
 10340 | D:10     | Noticed a two-headed ogre
 10346 | D:10     | Killed a two-headed ogre
 10683 | D:11     | Found a staircase to the Orcish Mines.
 10687 | D:11     | Noticed Thaneod's ghost (journeyman DEFE)
 10693 | D:11     | Killed Thaneod's ghost
 10822 | D:11     | Reached skill level 1 in Air Magic
 10848 | D:11     | Noticed a gargoyle
 10859 | D:11     | Killed a gargoyle
 10859 | D:11     | Reached **** piety under Sif Muna
 10972 | D:11     | Noticed a cyclops
 10979 | D:11     | Killed a cyclops
 11220 | D:11     | Reached skill level 13 in Summonings
 11238 | D:11     | Noticed an unseen horror
 11265 | D:11     | Noticed a cyclops
 11318 | D:10     | Killed an unseen horror
 11777 | D:11     | Killed a cyclops
 12469 | D:12     | Found a stormy altar of Qazlal.
 12542 | D:12     | Reached XP level 11. HP: 54/54 MP: 20/29
 12771 | D:12     | Reached ***** piety under Sif Muna
 12808 | D:12     | Identified Neiwka's Disquisition on Summoning and the Traveller (Sif Muna gifted it to you on level 12 of the Dungeon)
 12808 | D:12     | Received a gift from Sif Muna
 12818 | D:12     | Learned a level 5 spell: Summon Forest
 12826 | D:12     | Learned a level 7 spell: Monstrous Menagerie
 12830 | D:12     | Learned a level 3 spell: Recall
 12838 | D:12     | Learned a level 7 spell: Summon Greater Demon
 12919 | D:12     | Noticed an eight-headed hydra
 12933 | D:12     | Killed an eight-headed hydra
 13474 | D:13     | Found an opulent altar of Gozag.
 13779 | D:13     | Noticed an unseen horror
 13798 | D:13     | Killed an unseen horror
 13914 | D:13     | Noticed a green ugly thing
 13924 | D:13     | Killed a green ugly thing
 13952 | D:13     | Reached skill level 14 in Summonings
 14676 | D:13     | Upgraded the game from 0.22-a0-274-gf8199ec to 0.22-a0-278-g8f80174
 14688 | D:14     | Noticed an unseen horror
 14692 | D:14     | Killed an unseen horror
 14741 | D:14     | Noticed a two-headed ogre
 14741 | D:14     | Noticed a deep elf mage
 14747 | D:14     | Killed a deep elf mage
 14749 | D:14     | Killed a two-headed ogre
 14910 | D:14     | Gained mutation: You expend magic power (3 MP) to strengthen your wands. [potion of mutation]
 14910 | D:14     | Gained mutation: You have large cloven feet. [potion of mutation]
 14952 | D:14     | Noticed a deep elf mage
 14975 | D:14     | Killed a deep elf mage
 15210 | D:14     | Reached skill level 15 in Summonings
 15346 | D:14     | Noticed a centaur warrior
 15360 | D:14     | Killed a centaur warrior
 15486 | D:14     | Noticed a tengu warrior
 15488 | D:14     | Noticed a tengu warrior
 15494 | D:14     | Killed a tengu warrior
 15494 | D:14     | Received a gift from Sif Muna
 15497 | D:14     | Killed a tengu warrior
 15522 | D:14     | Noticed an orc knight
 15534 | D:14     | Killed an orc knight
 15534 | D:14     | Reached XP level 12. HP: 59/59 MP: 9/32
 16483 | D:14     | Found a gate to the Vaults.
 16623 | Lair:1   | Entered Level 1 of the Lair of Beasts
 16894 | Lair:1   | Reached skill level 16 in Summonings
 17653 | Lair:2   | Reached skill level 15 in Spellcasting
 17688 | Lair:2   | Learned a level 5 spell: Metabolic Englaciation
 18019 | Lair:2   | Noticed a seven-headed hydra
 18026 | Lair:2   | Killed a seven-headed hydra
 18265 | Lair:2   | Reached skill level 1 in Hexes
 18678 | Lair:2   | Found a staircase to the Shoals.
 19027 | Lair:3   | Found a frozen archway.
 19041 | IceCv    | Entered an ice cave
 19044 | IceCv    | Received a gift from Sif Muna
 19755 | IceCv    | Noticed an ice dragon
 19755 | IceCv    | Noticed an ice dragon
 19756 | IceCv    | Found the ring of the Mage {Wiz MR++ Int+3}
 19802 | IceCv    | Killed from afar by an ice dragon

Vault maps used:
D:1:      dpeg_arrival_rooms_a
D:2:      kennysheep_big_flooded_room, tgw_trog
D:3:      lemuel_coloured_pillars_altar
D:4:      grunt_decor_clamped, nicolae_dithmenos_the_darkroom, uniq_eustachio
D:5:      okawaru_ov_weapons_minmay, first_ration, minmay_gold_behind_fungi,
          uniq_duvessa
D:6:      kennysheep_little_box, old_standard_altar, corexii_shack
D:7:      lemuel_crystal_altar, minitemple, minmay_temple_entry_junction,
          st_stairs_6, the_bakery, uniq_prince_ribbit1
D:8:      makhleb_grotto_becter, sigmund_army, uniq_maurice
D:9:      kennysheep_mini, serial_glass, glass_columns_b, glass_columns_a,
          glass_columns_b, glass_columns_c, glass_columns_a,
          lemuel_mausoleum_altar_yredelemnul
D:10:     lair_entry_dummy
D:11:     minmay_curly_fans
D:12:     basic_altar
D:13:     lemuel_statue_altar
D:14:     david_vaults_1, kennysheep_nondescript, fountainhead,
          minmay_hollow_rounded_squares
Temple:   jpeg_temple_island
Lair:1:   beast_lair_carwin_large_2
Lair:2:   minmay_lair_venomous_thicket, minmay_shoals_entry_lonely_mermaid,
          minmay_lair_oklob_bushes, serial_bayou_lagoon_a, grunt_megastairs_3
Lair:3:   spider_nest_entry_rubble, portal_ice_cave_entry_pillars_1,
          serial_bayou_lake_a, uniq_fannar
IceCv:    ice_cave_small_dragons

Skill      XL: |  1  2  3  4  5  6  7  8  9 10 11 12 |
---------------+-------------------------------------+-----
Summonings     | 5 6 7 8 10 12 13 15 16 | 16.6
Spellcasting   | 4 5 6 7 9 10 12 14 15 | 15.4
Ice Magic      | 1 2 4 6 7 |  7.4
Air Magic      | 2 3 4 |  4.4
Hexes          | 2 |  2.4
Short Blades   | |  0.5
Dodging        | |  2.4
Stealth        | |  2.4

Action                   |  1- 3 |  4- 6 |  7- 9 | 10-12 || total
-------------------------+-------+-------+-------+-------++-------
Melee: Unarmed           |    26 |     8 |       |       ||    34
       Rapier            |       |       |    44 |    30 ||    74
       Staff             |       |       |       |    13 ||    13
       Kick              |       |       |       |     3 ||     3
 Cast: Summon Small Mamm |    21 |     1 |       |       ||    22
       Call Imp          |    55 |    34 |     6 |     7 ||   102
       Summon Lightning  |       |    13 |    61 |   115 ||   189
       Summon Ice Beast  |       |     8 |    64 |    63 ||   135
       Monstrous Menager |       |       |       |    68 ||    68
       Summon Greater De |       |       |       |     1 ||     1
       Summon Forest     |       |       |       |     1 ||     1
Invok: Divine Energy     |       |       |       |     1 ||     1
  Use: Scroll            |     5 |     5 |     9 |    16 ||    35
       Potion            |     2 |       |     1 |     3 ||     6
 Stab: Sleeping          |       |       |     1 |       ||     1
       Distracted        |       |       |       |     2 ||     2
  Eat: Chunk             |     6 |    10 |    21 |    35 ||    72
       Ration            |       |       |       |     2 ||     2
Armor: Robe              |    17 |     6 |    32 |    17 ||    72
       Leather armour    |       |       |       |    16 ||    16
Dodge: Dodged            |    62 |    20 |    80 |    66 ||   228

Table legend:
 A = Spawn XP
 B = Non-spawn XP
 C = Spawn XP percentage of total XP
 D = Spawn monster count
 E = Non-spawn monster count
 F = Spawn count percentage of total count
 G = Total turns spent on level
                    A         B        C        D         E        F      G
               +---------+---------+-------+---------+---------+-------+---------
         Total |       0 |   33969 |   0.0 |       0 |     500 |   0.0 | 19802
               +---------+---------+-------+---------+---------+-------+---------
           D:1 |       0 |      27 |   0.0 |       0 |      26 |   0.0 |   777
           D:2 |       0 |      67 |   0.0 |       0 |      40 |   0.0 |  1622
           D:3 |       0 |     130 |   0.0 |       0 |      22 |   0.0 |   865
           D:4 |       0 |     269 |   0.0 |       0 |      20 |   0.0 |   928
           D:5 |       0 |     635 |   0.0 |       0 |      30 |   0.0 |  1555
           D:6 |       0 |     252 |   0.0 |       0 |      14 |   0.0 |   608
           D:7 |       0 |     796 |   0.0 |       0 |      32 |   0.0 |  1187
           D:8 |       0 |     689 |   0.0 |       0 |      18 |   0.0 |  1018
           D:9 |       0 |     992 |   0.0 |       0 |      32 |   0.0 |  1073
          D:10 |       0 |    2907 |   0.0 |       0 |      35 |   0.0 |  1291
          D:11 |       0 |    3561 |   0.0 |       0 |      40 |   0.0 |  1127
          D:12 |       0 |    2404 |   0.0 |       0 |      34 |   0.0 |  1392
          D:13 |       0 |    3285 |   0.0 |       0 |      24 |   0.0 |  1237
          D:14 |       0 |    9962 |   0.0 |       0 |      58 |   0.0 |  1862
        Lair:1 |       0 |    2775 |   0.0 |       0 |      27 |   0.0 |  1015
        Lair:2 |       0 |    3130 |   0.0 |       0 |      28 |   0.0 |  1354
        Lair:3 |       0 |     326 |   0.0 |       0 |       2 |   0.0 |    49
         IceCv |       0 |    1762 |   0.0 |       0 |      18 |   0.0 |   761
               +---------+---------+-------+---------+---------+-------+---------
